 Dungeon Crawl Stone Soup version 0.27.0-1-g7a089689b8 (webtiles) character file.

Game seed: 4314240465994059448

3080 kobby the Slicer (level 10, -6/118 HPs)
             Began as a Human Wanderer on Aug 11, 2021.
             Was a Believer of Qazlal.
             Mangled by a yak (12 damage)
             ... on level 8 of the Dungeon.
             The game lasted 00:23:18 (8564 turns).

kobby the Slicer (Human Wanderer)                   Turns: 8564, Time: 00:23:19

Health: -6/118     AC: 25    Str: 15      XL:     10   Next: 12%
Magic:  10/10      EV:  2    Int:  5 (8)  God:    Qazlal [**....]
Gold:   229        SH:  2    Dex: 16      Spells: 9/9 levels left

rFire    . . .     SeeInvis .   g - +3 short sword (venom)
rCold    . . .     Faith    .   (no shield)
rNeg     + + +     Spirit   .   (armour currently unavailable)
rPois    +         Reflect  .   (helmet currently unavailable)
rElec    .         Harm     .   (cloak currently unavailable)
rCorr    .         Rampage  .   (gloves currently unavailable)
Will     +....     NoTele   +   (boots currently unavailable)
Stlth    ++........             (no amulet)
HPRegen  0.29/turn              k - ring of willpower
MPRegen  0.12/turn              (no ring)

@: tree-form, hasted, very quick
A: stationary, stasis, torment immunity, boosted hp, deterioration 1, (fire
resistance 1), weak 1
a: Renounce Religion, Upheaval


You were on level 8 of the Dungeon.
You worshipped Qazlal.
Qazlal was pleased with you.
You were a tree.
You visited 2 branches of the dungeon, and saw 9 of its levels.
You also visited: Ossuary.

You collected 229 gold pieces.

Inventory:

Hand Weapons
 a - a +2 quarterstaff
 c - a +0 vorpal short sword
 e - a +0 dagger
 g - a +3 short sword of venom (weapon)
 w - a +0 short sword of flaming
Missiles
 i - 20 poisoned darts (quivered)
Armour
 d - a +0 robe
 f - a +0 plate armour (melded)
 j - a +2 helmet (melded)
 r - a +0 crystal plate armour
 E - a +0 pair of gloves (melded)
Jewellery
 k - a ring of willpower (left branch)
 l - an amulet of faith
 q - a +4 ring of slaying
 t - a +4 ring of protection
 C - a ring of see invisible
Wands
 x - a wand of polymorph (10)
 z - a wand of flame (21)
 B - a wand of digging (8)
Scrolls
 b - 5 scrolls of teleportation
 p - 8 scrolls of identify
 y - a scroll of magic mapping
Potions
 h - 3 potions of attraction
 m - 2 potions of invisibility
 A - a potion of resistance


   Skills:
 + Level 7.0 Fighting
 + Level 8.9 Short Blades
 + Level 1.3 Staves
 + Level 7.2 Armour
 + Level 1.6 Dodging
 + Level 2.3 Stealth
 + Level 1.7 Shields
 + Level 1.4 Evocations


You had 9 spell levels left.
You didn't know any spells.
Your spell library contained the following spells:

 Spells                   Type           Power      Damage    Failure   Level
 Magic Dart               Conj           0%         1d3       47%         1
 Searing Ray              Conj           0%         3d3       63%         2
 Conjure Flame            Conj/Fire      0%         6-21      85%         3
 Ignite Poison            Fire/Tmut/Pois 0%         N/A       85%         3
 Ozocubu's Armour         Ice            0%         N/A       85%         3
 Cause Fear               Hex            0%         N/A       99%         4
 Fulminant Prism          Conj/Hex       0%         3d6       99%         4
 Sticky Flame             Conj/Fire      0%         2d3       99%         4
 Metabolic Englaciation   Hex/Ice        0%         N/A       100%        5
 Simulacrum               Ice/Necr       0%         N/A       100%        6
 Dragon Form              Tmut           0%         N/A       100%        7
 Dragon's Call            Summ           0%         N/A       100%        9


Dungeon Overview and Level Annotations

Branches:
Dungeon (8/15)             Temple (1/1) D:6         Ossuary (visited)
   Lair: D:8-11

Altars:
Ashenzari
Cheibriados
Dithmenos
Elyvilon
Fedhas
Gozag
Hepliaklqana
Kikubaaqudgha
Makhleb
Nemelex Xobeh
Okawaru
Qazlal
Ru
Sif Muna
Trog
Uskayaw
Vehumet
Wu Jian
Xom
Yredelemnul
Zin
The Shining One

Shops:
D:3 *


Innate Abilities, Weirdness & Mutations

You are a tree.
Your roots penetrate the ground, keeping you stationary.
You cannot be teleported.
You are immune to unholy pain and torment.
Your maximum health is greatly increased.
Your equipment is partially melded.
Your body sometimes deteriorates upon taking damage.
((Your flesh is heat resistant. (rF+)))
You are weak. (Str -2)


Message History

The yak is severely wounded.
The yak gores you but does no damage.
You puncture the yak! You burn the yak.
The yak is almost dead.
You puncture the yak! You burn the yak.
You kill the yak!
Qazlal accepts your kill.
You feel your strength returning.
Your Fighting skill increases to level 7!
Aiming: Polymorph
Press: ? - help, Shift-Dir - straight line, f - yak
Aim: a yak (will become a hog, a basilisk, or a shapeshifter, chance to affect: 50%)
Okay, then.
Aiming: Throw Flame
Press: ? - help, Shift-Dir - straight line, f - yak
Aim: a yak (83% to hit)
The puff of flame hits the yak.
The yak is lightly wounded.
You hit the yak. You burn the yak.
The yak is moderately wounded.
The yak gores you but does no damage.
You hit the yak. You burn the yak.
The yak is heavily wounded.
You hit the yak but do no damage.
The yak is heavily wounded.
Your +0 short sword of flaming stops flaming.
Your +3 short sword of venom begins to drip with poison!
g - a +3 short sword of venom (weapon)
The yak gores you but does no damage.
You hit the yak.
The yak is poisoned.
The yak is heavily wounded.
You barely miss the yak.
The yak is heavily wounded.
The yak gores you but does no damage.
You hit the yak.
The yak looks as sick as possible!
The yak is severely wounded.
You completely miss the yak.
The yak is severely wounded.
The yak gores you!
You die...

.##..#.**,* *,*###,.#
.......#*,*****,*#..,.*
.......#*,,,,,#,*#.#.#*
.....#.#*,,,,,#.##.#.#
........,,,,,,#......#
.....#.#*,,,,,*###.#**
.##.##.#*,,,,,*#...#
....##.#*******#Y###
.......##### #♣#
###.#......#####.#
#.#.####.......#
#$#.####..######
#.........#
#####.#.##..# .#
#.#.##..# .# #.......#
.# #.####.##


You could see a yak (extremely poisoned).

Vanquished Creatures
  Grinder (D:4)
  5 yaks (D:8)
  2 vampire mosquitoes (D:6)
  A black bear (D:6)
  2 orc warriors (D:8)
  A necrophage (D:6)
  3 ogres
  A kobold brigand (D:8)
  2 bullfrogs
  4 scorpions
  A water moccasin skeleton (D:6)
  A centaur zombie (Ossuary)
  A human zombie (Ossuary)
  A centaur skeleton (D:6)
  8 hounds
  6 orc wizards
  An iguana (D:6)
  A hound skeleton (D:4)
  2 mummies (Ossuary)
  A howler monkey zombie (D:5)
  A gnoll (D:1)
  10 adders
  2 adder zombies (Ossuary)
  2 adder skeletons (D:4)
  5 worms
  4 dart slugs
  22 orcs
  3 bats
  5 endoplasms
  3 giant cockroaches
  6 goblins
  7 hobgoblins
  2 jackals (D:4)
  6 quokkas
  10 ball pythons
  4 frilled lizards
  A goblin zombie (Ossuary)
  12 hobgoblin zombies (Ossuary)
  4 jackal zombies (Ossuary)
  12 kobolds
  10 kobold zombies (Ossuary)
  4 orc zombies (Ossuary)
  4 rats
  A rat zombie (Ossuary)
  A bush (D:4)
186 creatures vanquished.

Notes
Turn   | Place    | Note
-------+----------+-------------------------------------------
     0 | D:1      | kobby the Human Wanderer began the quest for the Orb.
     0 | D:1      | kobby set off with the following items: a +2 quarterstaff,
                  | a scroll of teleportation, a +0 short sword, a +0 robe, a
                  | +0 dagger
     0 | D:1      | Reached XP level 1. HP: 18/18 MP: 1/1
   394 | D:1      | Reached XP level 2. HP: 23/24 MP: 2/2
   629 | D:1      | Reached XP level 3. HP: 24/30 MP: 3/3
   967 | D:2      | Reached XP level 4. HP: 35/37 MP: 4/4
  1656 | D:3      | Reached skill level 2 in Short Blades
  1823 | D:3      | Found Citeups's General Store.
  2122 | D:3      | Reached XP level 5. HP: 34/43 MP: 5/5
  2125 | D:3      | Reached skill level 1 in Armour
  2300 | D:3      | Found an ornate altar of the Wu Jian Council.
  2378 | D:3      | Found a snail-covered altar of Cheibriados.
  2936 | D:4      | Reached skill level 3 in Short Blades
  2938 | D:4      | Reached XP level 6. HP: 38/49 MP: 6/6
  3405 | D:4      | Found a bloodstained altar of Trog.
  3655 | D:4      | Noticed Grinder
  3675 | D:4      | Killed Grinder
  3676 | D:4      | Reached skill level 4 in Short Blades
  3676 | D:4      | Reached XP level 7. HP: 42/55 MP: 7/7
  4041 | D:5      | Entered Level 5 of the Dungeon
  4091 | D:5      | Reached skill level 5 in Short Blades
  4138 | D:5      | Found a broken altar of Ashenzari.
  4301 | D:5      | Reached skill level 5 in Fighting
  4301 | D:5      | Reached XP level 8. HP: 58/62 MP: 8/8
  4637 | D:5      | Found a glowing golden altar of the Shining One.
  4925 | D:5      | Found a hide-covered altar of Uskayaw.
  5305 | D:6      | Reached skill level 6 in Short Blades
  5475 | D:6      | Reached skill level 5 in Armour
  5867 | D:6      | Found a burning altar of Makhleb.
  6070 | D:6      | Found a shimmering altar of Xom.
  6091 | D:6      | Found a shimmering altar of Xom.
  6091 | D:6      | Found a shimmering altar of Xom.
  6091 | D:6      | Found a shimmering altar of Xom.
  6091 | D:6      | Found a shimmering altar of Xom.
  6091 | D:6      | Found a shimmering altar of Xom.
  6103 | D:6      | Reached XP level 9. HP: 58/69 MP: 9/9
  6155 | D:6      | Found a shimmering altar of Xom.
  6155 | D:6      | Found a shimmering altar of Xom.
  6224 | D:6      | Reached skill level 7 in Short Blades
  6229 | D:6      | Found a staircase to the Ecumenical Temple.
  6250 | Temple   | Entered the Ecumenical Temple
  6344 | Temple   | Became a worshipper of Qazlal Stormbringer
  6736 | D:7      | Found a hazy altar of Hepliaklqana.
  6737 | D:7      | Noticed a cyclops
  7031 | D:8      | Found a sand-covered staircase.
  7107 | D:8      | Gained mutation: Your body sometimes deteriorates upon
                  | taking damage. [potion of mutation]
  7107 | D:8      | Gained mutation: You are weak. (Str -2) [potion of
                  | mutation]
  7107 | D:8      | Gained mutation: Your flesh is heat resistant. (rF+)
                  | [potion of mutation]
  7404 | Ossuary  | Entered an ossuary
  7470 | Ossuary  | Reached * piety under Qazlal
  7874 | D:8      | Reached skill level 8 in Short Blades
  8021 | D:8      | Reached ** piety under Qazlal
  8529 | D:8      | Reached XP level 10. HP: 27/77 MP: 10/10
  8551 | D:8      | HP: 4/115 [yak (3)]
  8564 | D:8      | Mangled by a yak

Illustrated notes

Levels and vault maps discovered:
D:1:      minmay_arrival_four_circles, layout_basic
D:2:      minmay_chambers_of_twos, layout_loops_ring
D:3:      layout_loops_ring, nicolae_wu_jian_immortal_techniques, slow_altar_2,
          serial_shops, shop
D:4:      layout_basic, mainiacjoe_overflow_cross_hatched,
          roderic_serpentine_path, minmay_hedge_maze, grunt_ministairs_14,
          uniq_grinder
D:5:      layout_loops_ring, kennysheep_mini_moat, nicolae_tso_carved_into_rock,
          nicolae_uskayaw_murder_on_the_dancefloor, serial_rivers,
          chequers_serial_rivers_micro_b, chequers_serial_rivers_room_b,
          chequers_serial_rivers_micro_a, chequers_serial_rivers_micro_a
D:6:      layout_gridville, xom_redecorated, bloody_makhleb, temple_green
D:7:      cheibrodos_iron_armory, layout_rooms, nicolae_overflow_crystal_walls,
          gammafunk_ghost_wrathful_warriors
D:8:      layout_loops_cross, nicolae_ossuary_entry_monument, dk_noncrumbling_2,
          chequers_serial_rivers_small_a
Temple:   cyrus_circular_temple

Skill      XL: |  1  2  3  4  5  6  7  8  9 10 |
---------------+-------------------------------+-----
Fighting       | 4 5 6 7 |  7.0
Short Blades   | 2 3 4 5 6 8 |  8.9
Armour         | 2 3 4 5 7 |  7.2
Staves         | |  1.3
Dodging        | |  1.6
Stealth        | |  2.3
Shields        | |  1.7
Evocations     | |  1.4

Action                   |  1- 3 |  4- 6 |  7- 9 | 10-12 || total
-------------------------+-------+-------+-------+-------++-------
Melee: Quarterstaff      |    10 |       |       |       ||    10
       Short sword       |    62 |   217 |   531 |    30 ||   840
Evoke: Wand              |       |       |     7 |     1 ||     8
  Use: Scroll            |     3 |     4 |     8 |       ||    15
       Potion            |       |       |    16 |     3 ||    19
 Stab: Invisible         |       |       |     1 |       ||     1
Armor: Plate armour      |    44 |   118 |   385 |       ||   547
       Skin              |       |       |       |     5 ||     5
Dodge: Dodged            |    10 |    56 |   120 |     2 ||   188
Block: Other             |       |       |    17 |     1 ||    18
